 Dungeon Crawl Stone Soup version 0.22-a0-799-g88f5e90 (webtiles) character file.

5254 Amnesiac the Geomancer (level 10, -2/63 HPs)
             Began as a Mummy Earth Elementalist on July 21, 2018.
             Was a High Priest of Vehumet.
             Slain by a swamp worm (17 damage)
             ... on level 8 of the Dungeon.
             The game lasted 00:14:11 (7536 turns).

Amnesiac the Geomancer (Mummy Earth Elementalist)   Turns: 7536, Time: 00:14:12

Health: -2/63      AC:  6    Str: 11    XL:     10   Next: 36%
Magic:  7/24       EV: 13    Int: 17    God:    Vehumet [*****.]
Gold:   34         SH:  5    Dex: 14    Spells: 14/29 levels left

rFire    . . .     SeeInvis .   a - +3 dagger (elec)
rCold    + . .     Gourm    .   e - +0 buckler
rNeg     + + +     Faith    +   i - +0 robe {rF+}
rPois    ∞         Spirit   .   (no helmet)
rElec    .         Reflect  .   (no cloak)
rCorr    +         Harm     .   k - +2 pair of gloves
MR       +....                  m - +0 pair of boots
Stlth    ++........             d - amulet of faith
HPRegen  0.20/turn              j - ring of resist corrosion
MPRegen  0.19/turn              (no ring)

@: no status effects
A: no food or potions, fire vulnerability, cold resistance 1, negative energy
resistance 3, torment resistance, unbreathing
a: Renounce Religion


You were on level 8 of the Dungeon.
You worshipped Vehumet.
Vehumet was extremely pleased with you.
You were not hungry.

You visited 2 branches of the dungeon, and saw 9 of its levels.

You collected 279 gold pieces.
You spent 245 gold pieces at shops.

Inventory:

Hand Weapons
 a - a +3 dagger of electrocution (weapon)
Missiles
 p - 30 stones (quivered)
Armour
 e - a +0 buckler (worn)
 i - a +0 robe of fire resistance (worn)
 k - a +2 pair of gloves (worn)
 m - a +0 pair of boots (worn)
 q - the +3 leather armour of Rationality {*Slow rPois rCorr Int+4}
   (You found it on level 6 of the Dungeon)

   It affects your intelligence (+4).
   It protects you from poison.
   It provides partial protection from all sources of acid and corrosion.
   It may slow you when you take damage.
Jewellery
 d - an amulet of faith (around neck)
 j - a ring of resist corrosion (left hand)
Wands
 b - a wand of random effects (33)
 f - a wand of polymorph (17)
 l - a wand of acid (8)
 s - a wand of paralysis (10)
Scrolls
 c - 3 scrolls of identify {!r}
 g - 5 scrolls of remove curse {!r}
 h - 2 scrolls of teleportation {!r}
 n - a scroll of amnesia {!r}
 o - a scroll of fear {!r, unknown}


   Skills:
 + Level 3.2 Dodging
 - Level 1.5 Stealth
 - Level 4.0 Shields
 + Level 10.1 Spellcasting
 - Level 0.7 Transmutations
 * Level 10.1 Earth Magic


You had 14 spell levels left.
You knew the following spells:

 Your Spells              Type           Power        Failure   Level  Hunger
a - Stone Arrow           Conj/Erth      ####..       1%          3    N/A
b - Passwall              Tmut/Erth      ####....     1%          2    N/A
c - Sandblast             Erth           #####.       1%          1    N/A
d - Lee's Rapid Deconstr  Erth           #####.....   1%          5    N/A
e - Petrify               Tmut/Erth      ####....     9%          4    N/A

Your spell library contained the following spells:

 Spells                   Type           Power        Failure   Level  Hunger


Dungeon Overview and Level Annotations

Branches:
Dungeon (8/15)             Temple (1/1) D:4
   Lair: D:8-11

Altars:
Ashenzari
Cheibriados
Dithmenos
Elyvilon
Fedhas
Gozag
Hepliaklqana
Kikubaaqudgha
Nemelex Xobeh
Okawaru
Qazlal
Ru
Sif Muna
Trog
Uskayaw
Vehumet
Wu Jian
Xom
Yredelemnul
Zin
The Shining One

Shops:
D:5 (:*:   D:8 *!=*

Annotations:
D:4 1 runed door, Zgarb's ghost, novice GrEE


Innate Abilities, Weirdness & Mutations

You do not eat or drink.
Your flesh is vulnerable to fire.
You are immune to poison.
Your flesh is cold resistant. (rC+)
You are immune to negative energy. (rN+++)
You are immune to unholy pain and torment.
You can survive without breathing.


Message History

You can't see any susceptible monsters within range! (Use Z to cast anyway.)
Casting: Stone Arrow (safe; 1% risk of failure)
Confirm with . or Enter, or press ? or * to list all spells.
You can't see any susceptible monsters within range! (Use Z to cast anyway.)
You start resting.
A swamp worm comes into view.
A swamp worm is nearby!
Found an ancient bone altar of Kikubaaqudgha.
You start resting.
The swamp worm is too close now for your liking.
A leopard gecko comes into view.
Found a bloodstained altar of Trog and an iron altar of Okawaru.
A leopard gecko is nearby!
Found a stone staircase leading up.
The leopard gecko hisses angrily.
The leopard gecko barely misses you.
You hit the leopard gecko.
The leopard gecko is heavily wounded.
The leopard gecko bites you.
You miss the leopard gecko.
The leopard gecko is heavily wounded.
The leopard gecko misses you.
You hit the leopard gecko.
Lightning courses through the leopard gecko!
You kill the leopard gecko!
Vehumet accepts your kill.
You feel your power returning.
No target in view!
You start resting.
HP restored.
You start resting.
The swamp worm is too close now for your liking.
The swamp worm throws harpoon shot at you.
The harpoon shot hits you!
You are yanked forward by the harpoon shot.
Casting: Stone Arrow (safe; 1% risk of failure)
Confirm with . or Enter, or press ? or * to list all spells.
Aiming: Stone Arrow (safe; 1% risk of failure)
Press: ? - help, Shift-Dir - straight line, f - swamp worm
Aim: a swamp worm The stone arrow misses the swamp worm.
The swamp worm bites you!!
* * * LOW HITPOINT WARNING * * *
Casting: Stone Arrow (safe; 1% risk of failure)
Confirm with . or Enter, or press ? or * to list all spells.
Aiming: Stone Arrow (safe; 1% risk of failure)
Press: ? - help, Shift-Dir - straight line, f/p - swamp worm
Aim: a swamp worm The stone arrow misses the swamp worm.
You block the swamp worm's attack.
Casting: Stone Arrow (safe; 1% risk of failure)
Confirm with . or Enter, or press ? or * to list all spells.
Aiming: Stone Arrow (safe; 1% risk of failure)
Press: ? - help, Shift-Dir - straight line, f/p - swamp worm
Aim: a swamp worm The stone arrow misses the swamp worm.
The swamp worm bites you!
* * * LOW HITPOINT WARNING * * *
Casting: Stone Arrow (safe; 1% risk of failure)
Confirm with . or Enter, or press ? or * to list all spells.
Aiming: Stone Arrow (safe; 1% risk of failure)
Press: ? - help, Shift-Dir - straight line, f/p - swamp worm
Aim: a swamp worm The stone arrow hits the swamp worm.
The swamp worm is moderately wounded.
The swamp worm bites you!
You die...

#..........##
#.._..8.._... #..........#
.._..._.### ..........
#.....####..
##..####?..........
...........####....
....<#####.@.......
##...#####.#w.##...
#w.†.......# ..
#..........## ...
#........⌠.⌠##.... ####
#.........∩...# ...#
#........⌠.⌠#....#
...######..........#####..
........#..†..........H..


You could see a swamp worm.

Vanquished Creatures
  A centaur warrior (D:8)
  A two-headed ogre (D:8)
  Joseph (D:7)
  A hippogriff (D:8)
  A hungry ghost (D:6)
  2 swamp worms
  An orc warrior (D:6)
  2 phantoms (D:4)
  2 ice beasts
  5 ogres
  2 centaurs
  5 bullfrogs
  A gnoll sergeant (D:7)
  2 scorpions
  3 wights (D:8)
  2 jellies (D:7)
  A bullfrog zombie (D:5)
  6 crimson imps
  2 centaur zombies
  3 orc priests
  2 gnoll shamans (D:7)
  4 hounds
  7 orc wizards
  3 iguanas
  5 worker ants
  A worker ant zombie (D:7)
  2 howler monkey zombies
  16 gnolls
  14 adders
  A shadow imp (D:5)
  An adder skeleton (D:4)
  5 worms
  4 dart slugs
  2 leopard geckos (D:8)
  22 orcs
  2 giant cockroaches
  7 goblins
  8 hobgoblins
  11 jackals
  6 quokkas
  3 ball pythons
  14 bats
  4 frilled lizards
  10 kobolds
  2 leopard gecko zombies
  2 quokka zombies (D:5)
  8 rats
210 creatures vanquished.

Vanquished Creatures (others)
  3 plants (D:8)
3 creatures vanquished.

Grand Total: 213 creatures vanquished

Notes
Turn   | Place    | Note
-------+----------+-------------------------------------------
     0 | D:1      | Amnesiac the Mummy Earth Elementalist began the quest for the Orb.
     0 | D:1      | Reached XP level 1. HP: 13/13 MP: 4/4
   232 | D:1      | Reached XP level 2. HP: 12/19 MP: 5/5
   486 | D:4      | Found a staircase to the Ecumenical Temple.
   492 | D:4      | Found a snail-covered altar of Cheibriados.
   494 | Temple   | Entered the Ecumenical Temple
   584 | Temple   | Became a worshipper of Vehumet
   604 | D:4      | Reached XP level 3. HP: 24/24 MP: 4/8
   694 | D:1      | Learned a level 2 spell: Passwall
   698 | D:1      | Learned a level 3 spell: Stone Arrow
  1260 | D:2      | Reached XP level 4. HP: 6/30 MP: 4/9
  1279 | D:2      | Learned a level 4 spell: Petrify
  1569 | D:2      | Reached * piety under Vehumet
  1569 | D:2      | Offered knowledge of Freeze by Vehumet.
  2215 | D:3      | Reached skill level 1 in Shields
  2215 | D:3      | Reached XP level 5. HP: 10/35 MP: 6/11
  2897 | D:4      | Reached XP level 6. HP: 25/41 MP: 10/12
  2916 | D:4      | Found a runed door.
  2991 | D:4      | Found a shadowy altar of Dithmenos.
  3039 | D:4      | Offered knowledge of Shock by Vehumet.
  3081 | D:4      | Reached skill level 5 in Spellcasting
  3081 | D:4      | Reached skill level 5 in Earth Magic
  3099 | D:4      | Reached ** piety under Vehumet
  3099 | D:4      | Reached XP level 7. HP: 24/46 MP: 2/15
  3551 | D:4      | Noticed Zgarb's ghost (novice GrEE)
  3558 | D:4      | Learned a level 5 spell: Lee's Rapid Deconstruction
  3580 | D:5      | Entered Level 5 of the Dungeon
  3712 | D:5      | Found Jenuem's Book Emporium.
  3976 | D:5      | Found Goecriyd's Book Boutique.
  3993 | D:5      | Reached XP level 8. HP: 37/52 MP: 12/17
  4062 | D:5      | Found Heukkidu's Assorted Antiques.
  4068 | D:5      | Bought a scroll labeled HAJOWYBBITS for 20 gold pieces
  4192 | D:5      | Offered knowledge of Conjure Flame by Vehumet.
  4289 | D:5      | Found Koqogruh's Antique Weapon Shoppe.
  4441 | D:6      | Reached *** piety under Vehumet
  4720 | D:6      | Offered knowledge of Iskenderun's Mystic Blast by Vehumet.
  5244 | D:6      | Got a translucent leather armour
  5345 | D:6      | Reached XP level 9. HP: 35/57 MP: 20/20
  5492 | D:6      | Found an opulent altar of Gozag.
  5539 | D:7      | Reached **** piety under Vehumet
  5768 | D:7      | Offered knowledge of Dazzling Spray by Vehumet.
  5803 | D:7      | Identified the +3 leather armour of Rationality {*Slow rPois rCorr Int+4} (You found it on level 6 of the Dungeon)
  5990 | D:7      | Noticed Joseph
  6249 | D:7      | Killed Joseph
  6586 | D:8      | Noticed a centaur warrior
  6599 | D:8      | Found Adeiwog's Distillery.
  6600 | D:8      | Killed a centaur warrior
  6600 | D:8      | Reached XP level 10. HP: 27/63 MP: 20/23
  6747 | D:8      | Noticed a two-headed ogre
  7321 | D:8      | Killed a two-headed ogre
  7354 | D:8      | Found Ucuph's Assorted Antiques.
  7363 | D:8      | Bought a pair of embroidered gloves for 225 gold pieces
  7371 | D:8      | Reached ***** piety under Vehumet
  7388 | D:8      | Offered knowledge of Yara's Violent Unravelling by Vehumet.
  7420 | D:8      | Found Kaphum's Jewellery Shop.
  7453 | D:8      | Reached skill level 10 in Spellcasting
  7454 | D:8      | Found Beunorau's General Store.
  7470 | D:8      | Reached skill level 10 in Earth Magic
  7474 | D:8      | Found a stormy altar of Qazlal.
  7503 | D:8      | Found an ancient bone altar of Kikubaaqudgha.
  7505 | D:8      | Found a bloodstained altar of Trog.
  7505 | D:8      | Found an iron altar of Okawaru.
  7536 | D:8      | Slain by a swamp worm

Vault maps used:
D:1:      giann_wishing_wells
D:4:      cheibriados_altar_1, grunt_dithmenos_smoke_and_mirrors,
          minmay_temple_entry_statues_fountains, ebering_ghost_reflecting_pool,
          minmay_misc_feat_iff
D:5:      first_ration, serial_shops, shop, nicolae_shop_stone,
          nicolae_shop_behind_doors, shop
D:6:      nicolae_gozag_seed_capital, roderic_batcave, hangedman_minor_gate_pass
D:7:      grunt_ogre_cave, uniq_joseph
D:8:      grunt_temple_overflow_open, serial_shops, kennysheep_mini_moat,
          nicolae_shop_crystal, nicolae_shop_stone, nicolae_shop_statue_plus,
          shop_fountains, worms_lemuel
Temple:   eino_temple_water

Skill      XL: |  1  2  3  4  5  6  7  8  9 10 |
---------------+-------------------------------+-----
Spellcasting   | 3 4 5 6 7 9 10 | 10.1
Earth Magic    | 3 4 5 6 7 9 10 | 10.1
Shields        | 1 2 3 4 |  4.0
Dodging        | 2 3 |  3.2
Stealth        | |  1.5
Transmutations | |  0.7

Action                   |  1- 3 |  4- 6 |  7- 9 | 10-12 || total
-------------------------+-------+-------+-------+-------++-------
Melee: Unarmed           |    31 |       |       |       ||    31
       Mace              |    52 |     6 |       |       ||    58
       Dagger            |       |    83 |   158 |    37 ||   278
       Short sword       |       |    17 |       |       ||    17
 Cast: Sandblast         |    16 |    72 |    86 |       ||   174
       Lee's Rapid Decon |       |       |    20 |     8 ||    28
       Petrify           |       |       |    10 |     2 ||    12
       Stone Arrow       |       |       |    28 |    16 ||    44
  Use: Scroll            |       |     3 |     9 |     1 ||    13
 Stab: Sleeping          |     4 |     2 |     1 |       ||     7
       Petrified         |       |       |    23 |       ||    23
       Distracted        |       |       |     1 |       ||     1
       Petrifying        |       |       |     1 |       ||     1
Armor: Robe              |    32 |    16 |    32 |     3 ||    83
       Leather armour    |       |       |    10 |     4 ||    14
Dodge: Dodged            |    80 |    65 |   113 |    30 ||   288
Block: Buckler           |    10 |    14 |    46 |     9 ||    79

Table legend:
 A = Spawn XP
 B = Non-spawn XP
 C = Spawn XP percentage of total XP
 D = Spawn monster count
 E = Non-spawn monster count
 F = Spawn count percentage of total count
 G = Total turns spent on level
                    A         B        C        D         E        F      G
               +---------+---------+-------+---------+---------+-------+---------
         Total |       0 |    7506 |   0.0 |       0 |     210 |   0.0 |  7536
               +---------+---------+-------+---------+---------+-------+---------
           D:1 |       0 |      29 |   0.0 |       0 |      17 |   0.0 |   864
           D:2 |       0 |      90 |   0.0 |       0 |      27 |   0.0 |  1026
           D:3 |       0 |     169 |   0.0 |       0 |      28 |   0.0 |   700
           D:4 |       0 |     638 |   0.0 |       0 |      18 |   0.0 |   883
           D:5 |       0 |     598 |   0.0 |       0 |      29 |   0.0 |  1011
           D:6 |       0 |    1467 |   0.0 |       0 |      40 |   0.0 |  1168
           D:7 |       0 |    1901 |   0.0 |       0 |      33 |   0.0 |  1521
           D:8 |       0 |    2612 |   0.0 |       0 |      17 |   0.0 |   256
        Temple |       0 |       2 |   0.0 |       0 |       1 |   0.0 |   107
               +---------+---------+-------+---------+---------+-------+---------
